 Dungeon Crawl Stone Soup version 0.23-a0-650-ga4d50d4 (webtiles) character file.

15167 Blackhawk the Spry (level 12, -3/98 HPs)
             Began as a Merfolk Gladiator on Jan 4, 2019.
             Was a High Priest of Ru.
             Slain by a blink frog (9 damage)
             ... on level 6 of the Lair of Beasts.
             The game lasted 00:55:46 (18639 turns).

Blackhawk the Spry (Merfolk Gladiator)             Turns: 18639, Time: 00:55:47

Health: -3/98      AC: 11    Str: 23    XL:     12   Next: 24%
Magic:  17/17      EV: 23    Int: 13    God:    Ru [*****.]
Gold:   749        SH:  0    Dex: 18    Spells: 11/11 levels left

rFire    . . .     SeeInvis .   u - +1 hand axe (flame)
rCold    . . .     Gourm    .   (no shield)
rNeg     . . .     Faith    .   K - +2 robe "Poaruun" {-Cast rElec Str+3 Int+6}
rPois    .         Spirit   .   L - +2 helmet
rElec    +         Reflect  .   r - +0 cloak
rCorr    .         Harm     +   m - +2 pair of gloves
MR       .....     NoCast   +   (no boots)
Stlth    ++........             F - amulet of harm
HPRegen  0.26/turn              h - +3 ring of strength
MPRegen  0.15/turn              n - +3 ring of slaying

@: drained
A: change form in water, swift swim, stealthy swim, hated by all, inability to
train armour, no conjurations magic, no ice magic, no transmutations magic,
inexperienced 1
a: Draw Out Power, Power Leap, Apocalypse, Renounce Religion


You were on level 6 of the Lair of Beasts.
You worshipped Ru.
Ru was extremely pleased with you.
You were not hungry.

You visited 2 branches of the dungeon, and saw 14 of its levels.

You collected 749 gold pieces.

Inventory:

Hand Weapons
 a - a +0 trident
 u - a +1 hand axe of flaming (weapon)
Missiles
 d - 5 throwing nets (quivered)
 z - 10 tomahawks
Armour
 m - a +2 pair of gloves (worn)
 r - a +0 cloak (worn)
 y - +0 steam dragon scales
 K - the +2 robe "Poaruun" (worn) {-Cast rElec Str+3 Int+6}
   (You found it on level 2 of the Lair of Beasts)

   It affects your strength (+3).
   It affects your intelligence (+6).
   It insulates you from electricity.
   It prevents spellcasting.
 L - a +2 helmet (worn)
Jewellery
 c - an uncursed ring of ice
 h - a +3 ring of strength (left hand)
 n - a +3 ring of slaying (right hand)
 x - an uncursed ring of see invisible
 F - an amulet of harm (around neck)
 H - an uncursed ring of stealth
Wands
 w - a wand of iceblast (18)
 A - a wand of scattershot (6)
 B - a wand of flame (36)
 J - a wand of acid (3)
Scrolls
 e - 3 scrolls of blinking
 k - 8 scrolls of remove curse
 q - 2 scrolls of enchant weapon
 s - 4 scrolls of teleportation
 t - 2 scrolls of fog
 v - 2 scrolls of amnesia
 E - a scroll of vulnerability
 G - a scroll of fear
Potions
 b - 3 potions of agility
 g - 4 potions of heal wounds
 i - 2 potions of haste
 j - 2 potions of curing
 l - a potion of cancellation
 o - a potion of resistance
 p - 2 potions of brilliance {unknown}
 C - a potion of magic {unknown}
 D - 2 potions of invisibility {unknown}
 I - a potion of mutation {unknown}
 M - 2 potions of lignification {unknown}
Comestibles
 f - 27 rations
 N - 15 chunks of flesh


   Skills:
 + Level 10.4(9.1) Fighting
 + Level 13.4(12.0) Polearms
 - Level 5.9(4.7) Throwing
 * Level 15.1(13.7) Dodging
 + Level 7.4(6.2) Evocations


You had 11 spell levels left.
You didn't know any spells.
Your spell library contained the following spells:

 Spells                   Type           Power        Failure   Level  Hunger
 Pain                     Necr           #...         30%         1    ##.....
 Regeneration             Chrm/Necr      #.........   67%         3    ####...
 Vampiric Draining        Necr           #.........   67%         3    ####...
 Animate Skeleton         Necr           Unusable     N/A         1    N/A
 Summon Butterflies       Summ           Unusable     N/A         1    N/A
 Call Canine Familiar     Summ           Unusable     N/A         3    N/A
 Animate Dead             Necr           Unusable     N/A         4    N/A
 Summon Ice Beast         Ice/Summ       Unusable     N/A         4    N/A
 Summon Mana Viper        Hex/Summ       Unusable     N/A         5    N/A
 Summon Hydra             Summ           Unusable     N/A         7    N/A

Dungeon Overview and Level Annotations

Branches:
Dungeon (10/15)            Temple (0/1) D:5            Lair (3/6) D:8
 Spider (0/4) Lair:3
  Swamp: Lair:2-4    Shoals: Lair:2-4       Orc: D:9-12

Altars:
Dithmenos
Hepliaklqana
Makhleb
Nemelex Xobeh
Qazlal
Ru
Sif Muna
Trog
Xom
The Shining One

Shops:
D:5 }

Annotations:
Lair:1 2 transporters, 4 exclusions, slippy's ghost, novice FeFi


Innate Abilities, Weirdness & Mutations

You revert to your normal form in water.
You are very nimble and swift while swimming.
You are very stealthy in the water. (Stealth+)
You are hated by all.
You cannot train Armour skill.
You cannot study or cast Conjurations magic.
You cannot study or cast Ice magic.
You cannot study or cast Transmutations magic.
You are somewhat inexperienced. (-2 XL)


Message History

You redirect the vampire mosquito's attack!
The vampire mosquito bites itself!
The vampire mosquito completely misses you.
The vampire mosquito barely misses you.
The vampire mosquito stops glowing.
The blink frog croaks.
The vampire mosquito misses you.
The blink frog blinks!
Your surroundings suddenly seem different.
A blink frog comes into view.
The blink frog croaks.
Found 18 arrows.
The blink frog blinks!
The blink frog hits you but does no damage.
The blink frog misses you. x2
The bullfrog gives a loud, deep croak!
The spiny frog gives a loud, deep croak!
The vampire mosquito buzzes angrily.
You hear a loud, deep croak!
You hear an angry hiss.
You hear a loud, deep croak!
The blink frog hits you!
You die...

≈≈≈≈≈≈≈≈≈≈≈≈≈.≈..................
###≈≈≈≈≈≈≈≈≈≈....................
#≈≈≈P≈≈≈≈≈≈≈................###.#
≈≈≈≈≈P≈≈.P≈..≈.y.......)...P.##.#
≈≈≈≈≈≈≈≈≈....!.............P.#.##
≈≈≈..P≈....####....F.......P#F...
.≈.......###...............P#....
.......###.................##....
..............@...........##...
.............F...........#.....
..........................###..
...........................##..
...............................
...............................
...............F...............
.......................... ....
...............(.+P##....P ..


You could see a spiny frog, a blink frog, a vampire mosquito and a bullfrog.

Vanquished Creatures
  Fannar (Lair:3)
  A two-headed ogre (D:10)
  Sonja (D:10)
  Pikel (D:6)
  2 black mambas (Lair:1)
  5 spiny frogs
  A rime drake (Lair:3)
  2 komodo dragons
  2 polar bears
  A hornet (D:8)
  Prince Ribbit (D:8)
  5 hippogriffs
  A wyvern (Lair:3)
  17 yaks
  A hungry ghost (D:6)
  2 basilisks
  4 steam dragons
  Menkaure (D:7)
  3 water moccasins
  6 porcupines
  2 sky beasts
  4 slaves (D:6)
  2 orc warriors (D:10)
  6 phantoms
  6 ogres
  A necrophage (D:10)
  4 centaurs
  5 wolves (Lair:3)
  A crocodile (Lair:2)
  A big kobold (D:10)
  12 bullfrogs
  4 scorpions
  10 killer bees
  3 wights (D:9)
  3 crimson imps
  2 quasits (D:10)
  5 hounds
  4 orc wizards
  4 orc priests
  A jelly (D:6)
  A bullfrog skeleton (D:10)
  3 iguanas (Lair:1)
  4 worker ants
  A killer bee zombie (D:6)
  2 hound skeletons
  2 worker ant zombies
  4 gnolls (D:6)
  A howler monkey skeleton (D:10)
  10 adders
  2 shadow imps
  2 oozes
  6 worms
  2 dart slugs
  2 leopard geckos (D:2)
  33 orcs
  9 giant cockroaches
  7 goblins
  9 hobgoblins
  27 jackals
  5 quokkas
  2 ball pythons
  9 bats
  6 frilled lizards
  A giant cockroach zombie (D:6)
  9 kobolds
  A leopard gecko skeleton (D:8)
  10 rats
308 creatures vanquished.

Vanquished Creatures (others)
  A black mamba (Lair:6)
  Psyche (D:8)
  A hippogriff (Lair:1)
  A vampire mosquito (Lair:6)
  A centaur (D:9)
  2 orc wizards (D:6)
  11 fungi (Lair:6)
  31 plants
49 creatures vanquished.

Grand Total: 357 creatures vanquished

Notes
Turn   | Place    | Note
-------+----------+-------------------------------------------
     0 | D:1      | Blackhawk the Merfolk Gladiator began the quest for the
                  | Orb.
     0 | D:1      | Reached XP level 1. HP: 16/16 MP: 1/1
   192 | D:1      | Reached XP level 2. HP: 23/23 MP: 2/2
   824 | D:2      | Found a sacrificial altar of Ru.
   836 | D:2      | Reached XP level 3. HP: 21/28 MP: 3/3
   860 | D:2      | Reached skill level 5 in Polearms
  1069 | D:2      | Became a worshipper of Ru the Awakened
  1503 | D:2      | Reached XP level 4. HP: 27/34 MP: 4/4
  1980 | D:2      | Reached skill level 5 in Dodging
  2107 | D:2      | Reached XP level 5. HP: 36/41 MP: 5/5
  2164 | D:2      | Found a hazy altar of Hepliaklqana.
  2176 | D:2      | Found a glowing golden altar of the Shining One.
  2183 | D:2      | Found a bloodstained altar of Trog.
  2192 | D:2      | Found a sparkling altar of Nemelex Xobeh.
  2195 | D:2      | Found a stormy altar of Qazlal.
  2269 | D:3      | Gained mutation: You cannot train Armour skill. [Ru
                  | sacrifice]
  2269 | D:3      | Reached * piety under Ru
  3554 | D:4      | Noticed an ogre
  3567 | D:3      | Reached XP level 6. HP: 23/48 MP: 6/6
  4286 | D:4      | Noticed a phantom
  4307 | D:4      | Killed a phantom
  4307 | D:4      | Reached skill level 6 in Dodging
  4307 | D:4      | Reached XP level 7. HP: 42/55 MP: 7/7
  4916 | D:5      | Entered Level 5 of the Dungeon
  5017 | D:5      | Found a staircase to the Ecumenical Temple.
  5081 | D:5      | Gained mutation: You are hated by all. [Ru sacrifice]
  5081 | D:5      | Reached ** piety under Ru
  5081 | D:5      | Reached *** piety under Ru
  5436 | D:5      | Reached skill level 5 in Fighting
  5661 | D:5      | Found Ephiocra's Gadget Shoppe.
  6109 | D:6      | Reached XP level 8. HP: 60/62 MP: 8/8
  6116 | D:6      | Reached skill level 7 in Dodging
  6145 | D:6      | HP: 3/62 [poisoned by an orc wizard]
  6151 | D:6      | HP: 2/62 [poisoned by an orc wizard]
  6159 | D:6      | HP: 2/62 [poisoned by an orc wizard]
  6524 | D:6      | Reached skill level 5 in Throwing
  6939 | D:6      | Reached skill level 8 in Dodging
  7084 | D:6      | Reached XP level 9. HP: 71/71 MP: 9/9
  7390 | D:6      | Found a burning altar of Makhleb.
  7574 | D:6      | Reached skill level 1 in Evocations
  7962 | D:7      | Reached skill level 9 in Dodging
  7996 | D:7      | Gained mutation: You are somewhat inexperienced. (-2 XL)
                  | [Ru sacrifice]
  7996 | D:7      | Reached XP level 8. HP: 65/65 MP: 9/9
  7996 | D:7      | Reached XP level 7. HP: 59/59 MP: 8/8
  7996 | D:7      | Reached **** piety under Ru
  7996 | D:7      | Reached ***** piety under Ru
  8000 | D:7      | Noticed Menkaure
  8184 | D:7      | Killed Menkaure
  8264 | D:7      | Noticed Pikel
  8518 | D:6      | Reached XP level 8. HP: 67/67 MP: 9/9
  8535 | D:6      | Killed Pikel
  8535 | D:6      | Reached skill level 10 in Polearms
  8535 | D:6      | Reached skill level 10 in Dodging
  8931 | D:7      | Found a deep blue altar of Sif Muna.
  9561 | D:8      | Found a shimmering altar of Xom.
  9720 | D:8      | Noticed Prince Ribbit
  9736 | D:8      | Killed Prince Ribbit
  9736 | D:8      | Reached XP level 9. HP: 70/72 MP: 11/11
  9796 | D:8      | Found a staircase to the Lair.
  9813 | D:8      | Noticed a hornet
  9831 | D:8      | Killed a hornet
  9844 | D:8      | Reached skill level 11 in Dodging
  9916 | D:8      | Noticed Psyche
  9923 | D:8      | Killed Psyche
 10187 | D:8      | Found a shadowy altar of Dithmenos.
 10644 | D:9      | Gained mutation: You cannot study or cast Ice magic. [Ru
                  | sacrifice]
 10644 | D:9      | Gained mutation: You cannot study or cast Transmutations
                  | magic. [Ru sacrifice]
 10644 | D:9      | Gained mutation: You cannot study or cast Conjurations
                  | magic. [Ru sacrifice]
 10711 | D:9      | Reached XP level 10. HP: 33/80 MP: 13/13
 11136 | D:9      | Reached skill level 12 in Dodging
 11693 | D:10     | Entered Level 10 of the Dungeon
 11860 | D:10     | Reached skill level 5 in Evocations
 12647 | D:10     | Identified the +2 mace "Xainail" {speed, rElec rN++ Int+3
                  | Dex-2}
 12650 | D:10     | Noticed Sonja
 12651 | D:10     | Killed Sonja
 12666 | D:10     | Noticed a two-headed ogre
 12708 | D:10     | Killed a two-headed ogre
 12708 | D:10     | Reached skill level 13 in Dodging
 12708 | D:10     | Reached XP level 11. HP: 40/89 MP: 11/15
 13586 | Lair:1   | Entered Level 1 of the Lair of Beasts
 13754 | Lair:1   | Found a transporter.
 13756 | Lair:1   | Found a transporter.
 13765 | Lair:1   | Noticed a moth of wrath
 13765 | Lair:1   | Noticed a moth of wrath
 13766 | Lair:1   | Identified the +6 trident of Immorality {antimagic, *Rage
                  | +Inv rC- Stlth+}
 13766 | Lair:1   | Noticed a spriggan rider
 13766 | Lair:1   | Noticed slippy's ghost (novice FeFi)
 13766 | Lair:1   | Identified the +11 war axe "Kowkushu" {antimagic, +Rage
                  | rElec rPois}
 13766 | Lair:1   | Noticed a spriggan berserker
 14246 | Lair:1   | Identified the +4 spear of the Establishment {vamp, +Blink
                  | Str+4}
 14246 | Lair:1   | Noticed a spriggan rider
 14638 | Lair:1   | Noticed a six-headed hydra
 14972 | Lair:1   | Found a bloodstained altar of Trog.
 15659 | Lair:2   | Got a faintly humming robe
 15670 | Lair:2   | Identified the +2 robe "Poaruun" {-Cast rElec Str+3 Int+6}
                  | (You found it on level 2 of the Lair of Beasts)
 15751 | Lair:2   | Reached skill level 14 in Dodging
 17166 | Lair:3   | Reached skill level 10 in Fighting
 17673 | Lair:3   | Noticed Fannar
 17721 | Lair:3   | Killed Fannar
 18209 | Lair:3   | Found a hole to the Spider Nest.
 18213 | Lair:3   | Reached XP level 12. HP: 97/97 MP: 17/17
 18246 | Lair:3   | You fall through a shaft for 3 floors!
 18246 | Lair:6   | Entered Level 6 of the Lair of Beasts
 18260 | Lair:6   | Noticed a five-headed hydra
 18512 | Lair:6   | Reached skill level 15 in Dodging
 18579 | Lair:6   | Noticed a four-headed hydra
 18590 | Lair:6   | Noticed a six-headed hydra
 18622 | Lair:6   | HP: 2/98 [vampire mosquito (12)]
 18639 | Lair:6   | Slain by a blink frog

Vault maps used:
D:1:      dpeg_arrival_long_road
D:2:      minmay_angry_zag, minmay_overflow_temple_star_hex,
          nicolae_ru_awakened_eye
D:5:      minmay_temple_entry_large_hall, first_ration, serial_shops, shop,
          minmay_fountain_box
D:6:      cheibrodos_steamvent, makhleb_heckhound_becter
D:7:      nicolae_overflow_crystal_walls, grunt_ogre_cave, uniq_pikel,
          uniq_menkaure
D:8:      lemuel_coloured_pillars_altar, lemuel_crystal_altar, lair_entry_dummy,
          minmay_misc_feat_rugged, minmay_quadrilaterals, uniq_psyche,
          uniq_prince_ribbit1
D:10:     hex_tiny, uniq_sonja
Lair:1:   beast_lair_carwin_large_2, gammafunk_ghost_wrathful_warriors
Lair:3:   minmay_swamp_entry_worms, nicolae_spider_entry_non_spiders,
          gammafunk_ghost_cemetery, grunt_megastairs_4,
          infiniplex_staircase_pool, uniq_fannar
Lair:6:   minmay_lair_end_frog_pond, serial_bayou_crossing

Skill      XL: |  1  2  3  4  5  6  7  8  9 10 11 12 |
---------------+-------------------------------------+-----
Polearms       | 5 6 7 10 11 12 13 | 13.4
Fighting       | 3 4 7 6 8 9 10 | 10.4
Dodging        | 5 6 10 11 13 14 15 | 15.1
Throwing       | 3 4 5 |  5.9
Evocations     | 2 3 4 5 7 |  7.4

Action                   |  1- 3 |  4- 6 |  7- 9 | 10-12 || total
-------------------------+-------+-------+-------+-------++-------
Melee: Trident           |   133 |   263 |   615 |   517 ||  1528
       Tailslap          |       |       |     4 |       ||     4
       Hand axe          |       |       |       |   219 ||   219
Invok: Sacrifice Durabil |       |     1 |       |       ||     1
       Sacrifice Love    |       |       |     1 |       ||     1
       Sacrifice Experie |       |       |     1 |       ||     1
       Sacrifice Arcana  |       |       |     1 |       ||     1
       Apocalypse        |       |       |       |     2 ||     2
       Reject Sacrifices |       |       |       |     1 ||     1
Evoke: Wand              |       |       |     6 |     3 ||     9
  Use: Scroll            |       |     5 |       |    15 ||    20
       Potion            |       |     2 |     1 |     3 ||     6
 Stab: Distracted        |       |     1 |     6 |     4 ||    11
       Invisible         |       |       |    10 |     7 ||    17
       Paralysed         |       |       |       |    20 ||    20
       Petrifying        |       |       |       |     3 ||     3
  Eat: Chunk             |     2 |     9 |    17 |    24 ||    52
       Ration            |       |       |     1 |     1 ||     2
Armor: Leather armour    |     3 |       |       |       ||     3
       Scale mail        |    64 |    95 |    51 |       ||   210
       Steam dragon scal |       |       |    74 |    65 ||   139
       Robe              |       |       |       |    27 ||    27
Dodge: Dodged            |    97 |   151 |   405 |   681 ||  1334

Table legend:
 A = Non-vault XP
 B = Vault XP
 C = Vault XP percentage of total XP
 D = Non-vault monster count
 E = Vault monster count
 F = Vault count percentage of total count
                 A         B        C        D         E       F
            +---------+---------+-------+---------+---------+-------
      Total |   18425 |    5503 |  23.0 |     276 |      35 |  11.3
            +---------+---------+-------+---------+---------+-------
        D:1 |      28 |       0 |   0.0 |      18 |       0 |   0.0
        D:2 |     137 |       8 |   5.5 |      37 |       5 |  11.9
        D:3 |     152 |       0 |   0.0 |      26 |       0 |   0.0
        D:4 |     446 |       0 |   0.0 |      15 |       0 |   0.0
        D:5 |     342 |       0 |   0.0 |      13 |       0 |   0.0
        D:6 |    1293 |    1333 |  50.8 |      32 |       6 |  15.8
        D:7 |     374 |     169 |  31.1 |      11 |       1 |   8.3
        D:8 |     542 |    1145 |  67.9 |      10 |       7 |  41.2
        D:9 |    2280 |       0 |   0.0 |      30 |       0 |   0.0
       D:10 |    3190 |     820 |  20.4 |      40 |       1 |   2.4
     Lair:1 |    3665 |     115 |   3.0 |      14 |       3 |  17.6
     Lair:2 |    2012 |       0 |   0.0 |      10 |       0 |   0.0
     Lair:3 |    1506 |    1254 |  45.4 |      10 |       9 |  47.4
     Lair:6 |    2458 |     659 |  21.1 |      10 |       3 |  23.1
            +---------+---------+-------+---------+---------+-------
